 Dungeon Crawl Stone Soup version 0.23.2-40-g277498a001 (webtiles) character file.

Game seed: 9633481036226007336

14074 Muur the Blocker (level 12, 0/73 HPs)
             Began as a Gargoyle Fighter on Sept 7, 2019.
             Was a Believer of Qazlal.
             Killed from afar by a starcursed mass (10 damage)
             ... with an accursed screaming
             ... on level 3 of the Abyss on Sept 11, 2019.
             The game lasted 00:34:42 (11738 turns).

Muur the Blocker (Gargoyle Fighter)                Turns: 11738, Time: 00:34:42

Health: 0/73       AC: 27    Str: 28 (30) XL:     12   Next: 12%
Magic:  12/12      EV:  8    Int:  4 (9)  God:    Qazlal [**....]
Gold:   394        SH: 15    Dex:  7 (9)  Spells: 10/12 levels left

rFire    . . .     SeeInvis .   Q - +4 hand axe of Xoxzick {drain, rElec rPois Stlth+}
rCold    . . .     Gourm    .   c - +0 shield
rNeg     + . .     Faith    .   h - +3 chain mail
rPois    ∞         Spirit   .   (no helmet)
rElec    +         Reflect  .   v - +0 cloak
rCorr    .         Harm     +   j - +0 pair of gloves
MR       .....     Rnd*Tele +   b - +0 pair of boots
Stlth    ..........             B - amulet of harm
HPRegen  0.00/turn              l - +5 ring of strength
MPRegen  0.13/turn              G - +4 ring of strength

@: no status effects
A: [deterioration 2], negative energy resistance 1, electricity resistance,
[inhibited regeneration], [teleportitis 2], [weak 2], unbreathing, petrification
resistance, [no potion heal 2], rot immunity, AC +8
a: Upheaval, Renounce Religion


You were on level 3 of the Abyss.
You worshipped Qazlal.
Qazlal was pleased with you.
You were not hungry.

You visited 1 branch of the dungeon, and saw 10 of its levels.
You visited the Abyss 1 time.
You also visited: Sewer.

You collected 394 gold pieces.

Inventory:

Hand Weapons
 Q - the +4 hand axe of Xoxzick (weapon) {drain, rElec rPois Stlth+}
   (You took it off a centaur on level 10 of the Dungeon)

   A truly terrible weapon, it drains the life of those it strikes.
   It insulates you from electricity.
   It protects you from poison.
   It makes you more stealthy.
Missiles
 m - a throwing net
 t - 5 tomahawks (quivered)
 L - 6 javelins
Armour
 b - a +0 pair of boots (worn)
 c - a +0 shield (worn)
 h - a +3 chain mail (worn)
 j - a +0 pair of gloves (worn)
 v - a +0 cloak (worn)
 N - the +2 leather armour "Fochataf" {rElec rPois rC++}
   (You found it on level 9 of the Dungeon)

   It greatly protects you from cold.
   It insulates you from electricity.
   It protects you from poison.
Jewellery
 a - an uncursed amulet of the acrobat
 l - a +5 ring of strength (left hand)
 B - an amulet of harm (around neck)
 F - an uncursed ring of protection from magic
 G - a +4 ring of strength (right hand)
 H - a +3 ring of protection
Wands
 s - a wand of random effects (20)
 y - a wand of paralysis (11)
 C - a wand of digging (5)
 I - a wand of disintegration (15)
 K - a wand of clouds (4)
Scrolls
 e - 6 scrolls of remove curse
 g - 4 scrolls of teleportation
 i - 2 scrolls of amnesia
 k - 4 scrolls of enchant weapon
 n - 7 scrolls of fog
 u - 3 scrolls of identify
 w - 3 scrolls of fear {unknown}
 D - a scroll of brand weapon {unknown}
 J - 2 scrolls of magic mapping
 M - a scroll of noise {unknown}
 O - a scroll of enchant armour {unknown}
Potions
 o - 4 potions of magic
 p - 4 potions of brilliance
 r - 3 potions of ambrosia
 x - a potion of degeneration
 A - a potion of lignification {unknown}
 E - a potion of mutation {unknown}
Miscellaneous
 d - a sack of spiders
 P - a fan of gales
Comestibles
 f - 16 rations


   Skills:
 + Level 8.0 Fighting
 + Level 2.4(6.8) Axes
   Level 10.8(11.0) Maces & Flails
 + Level 1.2 Throwing
 + Level 9.0 Armour
 - Level 0.7 Dodging
 * Level 11.0 Shields
 + Level 0.5 Spellcasting
 * Level 6.5 Translocations


You had 10 spell levels left.
You knew the following spells:

 Your Spells              Type           Power        Failure   Level  Hunger
a - Blink                 Tloc           N/A          41%         2    ###....

Your spell library contained the following spells:

 Spells                   Type           Power        Failure   Level  Hunger
 Portal Projectile        Hex/Tloc       #.....       97%         3    ####...
 Corona                   Hex            #......      99%         1    ##.....
 Magic Dart               Conj           #...         99%         1    ##.....
 Sandblast                Erth           #.....       99%         1    ##.....
 Call Imp                 Summ           #.......     99%         2    ###....
 Passwall                 Tmut/Erth      #.......     99%         2    ###....
 Slow                     Hex            #.......     99%         2    ###....
 Conjure Flame            Conj/Fire      #.......     100%        3    ####...
 Inner Flame              Hex/Fire       #.......     100%        3    ####...
 Mephitic Cloud           Conj/Pois/Air  #.......     100%        3    ####...
 Stone Arrow              Conj/Erth      #.....       100%        3    ####...
 Cause Fear               Hex            #.........   100%        4    #####..
 Leda's Liquefaction      Hex/Erth       #.........   100%        4    #####..
 Petrify                  Tmut/Erth      #.......     100%        4    #####..
 Lee's Rapid Deconstruct  Erth           #.........   100%        5    ######.


Dungeon Overview and Level Annotations

Branches:
Dungeon (10/15)            Temple (0/1) D:5            Lair (0/6) D:10
    Orc: D:9-12

Altars:
Dithmenos
Nemelex Xobeh
Qazlal
Trog
Uskayaw

Shops:
D:4 [([   D:8 =

Annotations:
D:6 exclusion: oklob plant
D:10 Sonja


Innate Abilities, Weirdness & Mutations

You are resistant to torment.
Your stone body is resilient. (AC +8)
You are immune to poison.
You resist negative energy. (rN+)
You are resistant to electric shocks. (rElec)
You can survive without breathing.
You are immune to petrification.
You are immune to rotting.
[Your body often deteriorates upon taking damage.]
[You do not regenerate when monsters are visible.]
[You are sometimes teleported next to monsters.]
[You are very weak. (Str -4)]
[Potions are poor at restoring your health.]


Message History

You feel weirdly uncertain.
You feel even more weirdly uncertain.
The wretched star pulses with an eldritch light!
You feel yourself wasting away.
You feel your body start to fall apart.
Your system partially rejects the healing.
You feel better.
A starcursed mass comes into view.
A starcursed mass splits.
A chorus of shrieks assaults your mind.
* * * LOW HITPOINT WARNING * * *
Your body deteriorates!
You feel dopey.
Your system partially rejects the healing.
You feel better.
A starcursed mass splits.
A starcursed mass splits.
A chorus of shrieks assaults your mind.
* * * LOW HITPOINT WARNING * * *
Your body deteriorates!
You feel dopey.
A starcursed mass splits.
A chorus of shrieks assaults your mind.
You die...

##.......#.#.###.#
#.#...##X#. #...# .
....#.....##..####.##
..#..#.#XX#.#...#...
.####.#...#.X.....#..#
.#.#....*X......#..##.#
#.#... .#.#...........#
. . . #.####.##...##..
X. .#.X## ..##.#@..#
.##...# ##. ##.#....#
.#.XX.#....# ## #.##...
### ###..## ## ..
.#*#.# .. #.##X.#..#..
# .##X## # # ## .## #.
.( #


You could see 4 starcursed masses.

Vanquished Creatures
  A deep elf elementalist (Abyss:2)
  A two-headed ogre (D:8)
  Nergalle (D:10)
  5 skeletal warriors
  Maurice (D:8)
  Joseph (D:7)
  A naga mage (D:9)
  Prince Ribbit (D:8)
  4 raiju (Abyss:2)
  5 blink frogs (Abyss:2)
  3 hippogriffs
  A wyvern (D:10)
  Eustachio (D:4)
  2 basilisks (D:10)
  A yak (D:10)
  2 hungry ghosts
  6 ice beasts
  3 orc warriors
  2 phantoms
  7 ogres
  7 centaurs
  4 big kobolds
  Blork the orc (D:4)
  6 bullfrogs
  3 scorpions
  4 wights (D:7)
  A bullfrog zombie (D:5)
  3 crimson imps
  2 orc priests
  5 hounds
  5 bullfrog skeletons
  A centaur zombie (D:8)
  4 jellies
  2 centaur skeletons
  8 orc wizards
  4 iguanas
  Terence (D:2)
  6 worker ants
  A killer bee zombie (D:8)
  A hound skeleton (D:9)
  A howler monkey skeleton (D:8)
  4 gnolls (D:6)
  9 adders
  3 river rats
  2 shadow imps
  2 oozes
  An adder skeleton (D:6)
  2 worms
  5 leopard geckos
  24 orcs
  6 giant cockroaches
  7 goblins
  7 hobgoblins
  20 jackals
  4 quokkas
  11 ball pythons
  6 bats
  6 frilled lizards
  A giant cockroach zombie (D:6)
  37 kobolds
  A leopard gecko skeleton (D:9)
  A leopard gecko zombie (D:7)
  A quokka skeleton (D:4)
  31 rats
310 creatures vanquished.

Notes
Turn   | Place    | Note
-------+----------+-------------------------------------------
     0 | D:1      | Muur the Gargoyle Fighter began the quest for the Orb.
     0 | D:1      | Reached XP level 1. HP: 14/14 MP: 1/1
    60 | D:1      | Reached XP level 2. HP: 11/19 MP: 2/2
   721 | D:2      | Reached XP level 3. HP: 23/23 MP: 3/3
  1179 | D:2      | Found a bloodstained altar of Trog.
  1280 | D:2      | Noticed Terence
  1295 | D:2      | Killed Terence
  1295 | D:2      | Reached XP level 4. HP: 29/29 MP: 4/4
  1626 | D:3      | Found a glowing drain.
  1636 | D:3      | Reached skill level 4 in Shields
  1659 | Sewer    | Entered a sewer
  1763 | Sewer    | Reached XP level 5. HP: 33/33 MP: 5/5
  2200 | Sewer    | Reached XP level 6. HP: 26/38 MP: 6/6
  2342 | D:3      | Noticed a phantom
  2393 | D:3      | Killed a phantom
  2508 | D:3      | Reached skill level 5 in Shields
  2991 | D:4      | Got an ominously black robe
  2994 | D:4      | Found Pennyvvo's Antique Armour Shoppe.
  3041 | D:4      | Reached XP level 7. HP: 44/44 MP: 7/7
  3051 | D:4      | Found Utihi's Antique Weapon Shoppe.
  3056 | D:4      | Noticed Blork the orc
  3437 | D:4      | Killed Blork the orc
  3437 | D:4      | Reached skill level 5 in Maces & Flails
  3500 | D:4      | Found a sparkling altar of Nemelex Xobeh.
  3531 | D:4      | Found Xenaomuy's Armour Shoppe.
  3541 | D:4      | Got a brightly glowing robe
  3634 | D:4      | Reached skill level 5 in Armour
  3717 | D:4      | Identified the cursed +1 robe of the Arcane {-Tele Int+5}
                  | (You found it on level 4 of the Dungeon)
  3732 | D:4      | Noticed Eustachio
  3778 | D:4      | Killed Eustachio
  3778 | D:4      | Reached skill level 5 in Fighting
  3778 | D:4      | Reached skill level 6 in Shields
  3778 | D:4      | Reached XP level 8. HP: 43/49 MP: 8/8
  3790 | D:4      | Identified the cursed +1 robe of Virtue {Slay+3} (You found
                  | it on level 4 of the Dungeon)
  4012 | D:5      | Entered Level 5 of the Dungeon
  4345 | D:5      | Learned a level 2 spell: Blink
  4475 | D:5      | Found a shadowy altar of Dithmenos.
  4592 | D:5      | Found a staircase to the Ecumenical Temple.
  4619 | D:5      | Reached skill level 1 in Translocations
  4806 | D:5      | Reached XP level 9. HP: 51/54 MP: 9/9
  5219 | D:6      | Reached skill level 7 in Shields
  6000 | D:6      | Found a bloodstained altar of Trog.
  6000 | D:6      | Noticed an oklob plant
  6419 | D:7      | Noticed Joseph
  6448 | D:7      | Killed Joseph
  7033 | D:7      | Paralysed by an orc warrior for 4 turns
  7053 | D:7      | Found a hide-covered altar of Uskayaw.
  7108 | D:7      | Reached XP level 10. HP: 51/60 MP: 10/10
  7346 | D:7      | Reached skill level 8 in Shields
  7674 | D:8      | Found Jizxeps's Jewellery Shop.
  7695 | D:8      | Noticed Prince Ribbit
  7721 | D:8      | Killed Prince Ribbit
  7750 | D:8      | Reached skill level 1 in Throwing
  8049 | D:8      | Found a stormy altar of Qazlal.
  8058 | D:8      | Became a worshipper of Qazlal Stormbringer
  8133 | D:8      | Noticed a two-headed ogre
  8152 | D:8      | Killed a two-headed ogre
  8432 | D:8      | Noticed Maurice
  8777 | D:8      | Killed Maurice
  8777 | D:8      | Reached skill level 10 in Maces & Flails
  8911 | D:9      | Reached skill level 5 in Translocations
  9236 | D:9      | Noticed a skeletal warrior
  9236 | D:9      | Noticed a skeletal warrior
  9236 | D:9      | Noticed a skeletal warrior
  9236 | D:9      | Noticed a skeletal warrior
  9236 | D:9      | Noticed a skeletal warrior
  9267 | D:9      | Killed a skeletal warrior
  9267 | D:9      | Reached XP level 11. HP: 34/67 MP: 11/11
  9380 | D:8      | Killed a skeletal warrior
  9380 | D:8      | Reached * piety under Qazlal
  9380 | D:8      | Reached skill level 9 in Shields
  9727 | D:7      | Killed a skeletal warrior
  9970 | D:7      | Killed a skeletal warrior
  9984 | D:7      | Killed a skeletal warrior
 10492 | D:9      | Got a bloodstained leather armour
 10493 | D:9      | Identified the +2 leather armour "Fochataf" {rElec rPois
                  | rC++} (You found it on level 9 of the Dungeon)
 10705 | D:10     | Entered Level 10 of the Dungeon
 10800 | D:10     | Found a staircase to the Lair.
 10801 | D:10     | Identified the +4 hand axe of Xoxzick {drain, rElec rPois
                  | Stlth+}
 10993 | D:10     | Noticed Nergalle
 11013 | D:10     | Killed Nergalle
 11013 | D:10     | Reached skill level 10 in Shields
 11051 | D:10     | Noticed Sonja
 11054 | D:10     | Cast into level 2 of the Abyss (Sonja)
 11063 | Abyss:2  | Found a corrupted altar of Lugonu.
 11093 | Abyss:2  | Found a corrupted altar of Lugonu.
 11132 | Abyss:2  | Reached ** piety under Qazlal
 11176 | Abyss:2  | Reached skill level 1 in Axes
 11232 | Abyss:2  | Reached XP level 12. HP: 32/73 MP: 12/12
 11387 | Abyss:2  | Found a corrupted altar of Lugonu.
 11419 | Abyss:2  | Noticed a deep elf elementalist
 11441 | Abyss:2  | Killed a deep elf elementalist
 11441 | Abyss:2  | Reached skill level 11 in Shields
 11515 | Abyss:2  | Noticed a thrashing horror
 11673 | Abyss:3  | Noticed a death knight
 11715 | Abyss:3  | Noticed a tentacled monstrosity
 11716 | Abyss:3  | Noticed a wretched star
 11717 | Abyss:3  | Noticed a wretched star
 11730 | Abyss:3  | Noticed a starcursed mass
 11738 | Abyss:3  | Killed from afar by a starcursed mass

Skill      XL: |  1  2  3  4  5  6  7  8  9 10 11 12 |
---------------+-------------------------------------+-----
Fighting       | 4 5 6 7 8 |  8.0
Maces & Flails | 3 4 5 7 8 10 | 10.8
Shields        | 4 5 6 7 8 10 11 | 11.0
Armour         | 4 5 6 8 9 |  9.0
Translocations | 1 3 5 6 |  6.5
Throwing       | 1 |  1.2
Axes           | 1 2 |  2.4
Dodging        | |  0.7
Spellcasting   | |  0.5

Action                   |  1- 3 |  4- 6 |  7- 9 | 10-12 || total
-------------------------+-------+-------+-------+-------++-------
Melee: Flail             |   103 |   343 |   551 |   610 ||  1607
       Hand axe          |       |       |       |    88 ||    88
Throw: Tomahawk          |       |       |     2 |    16 ||    18
 Cast: Blink             |       |       |       |     4 ||     4
  Use: Scroll            |     3 |     5 |     5 |     5 ||    18
       Potion            |     2 |     6 |       |     8 ||    16
  Eat: Chunk             |     1 |     6 |    10 |    10 ||    27
       Ration            |       |       |     2 |     4 ||     6
Armor: Scale mail        |    29 |       |       |       ||    29
       Chain mail        |    28 |   320 |   306 |   314 ||   968
Dodge: Dodged            |    30 |   104 |   115 |   160 ||   409
Block: Shield            |    51 |   231 |   254 |   461 ||   997
